General information
- name: BNet
- type: Ladder team game (AT/RT)
- host: Battle.net
- saver: Birdeneering
map: Highperch
- players: 6
- length: 19:02
- speed: Fast
- version: 1.26 W3XP
- replay type:

» download(150 KB)
Players
team 1 (winner)
baby_in_pram (
red | 123 APM | 2335 actions | 19:02)
4 Archmage
2 Summon Water Elemental
2 Brilliance Aura
» actions
| Assign group hotkey | 91 | |
| Basic commands | 87 | |
| Build / train | 58 | |
| Enter build submenu | 27 | |
| Enter hero's abilities submenu | 4 | |
| Give item / drop item | 1 | |
| Remove unit from queue | 6 | |
| Right click | 1458 | |
| Select / deselect | 419 | |
| Select group hotkey | 114 | |
| Use ability | 70 | |
2335 total
» units
» upgrades
» buildings
| Altar of Kings | 2 | |
| Farm | 7 | |
| Lumber Mill | 1 | |
| Scout Tower | 11 | |
| Guard Tower | 13 | |
| Keep | 2 | |
| Arcane Tower | 5 | |
41 total
» build order
00:04 Altar of Kings
00:06 Farm
00:28 Farm
01:43 Lumber Mill
02:57 Farm
04:52 Scout Tower
04:52 Scout Tower
05:21 Scout Tower
05:22 Scout Tower
05:38 Guard Tower
05:38 Guard Tower
05:39 Guard Tower
06:20 Guard Tower
06:41 Guard Tower
06:41 Guard Tower
08:53 Keep
08:54 Keep
08:56 Farm
08:57 Farm
09:40 Scout Tower
09:41 Scout Tower
09:50 Scout Tower
10:02 Guard Tower
10:08 Guard Tower
10:17 Guard Tower
11:23 Altar of Kings
11:39 Scout Tower
11:40 Scout Tower
11:41 Scout Tower
11:43 Scout Tower
11:51 Farm
11:54 Farm
12:14 Arcane Tower
12:14 Arcane Tower
13:01 Arcane Tower
13:02 Arcane Tower
» items
| Boots of Speed | 1 | |
| Staff of Teleportation | 1 | |
2 total
Birdeneering (
blue | 119 APM | 2268 actions | 19:02)
3 Archmage
2 Summon Water Elemental
1 Brilliance Aura
3 Mountain King
2 Storm Bolt
1 Bash
» actions
| Assign group hotkey | 340 | |
| Basic commands | 36 | |
| Build / train | 92 | |
| Enter build submenu | 56 | |
| Enter hero's abilities submenu | 6 | |
| Remove unit from queue | 1 | |
| Right click | 1046 | |
| Select / deselect | 281 | |
| Select group hotkey | 282 | |
| Use ability | 128 | |
2268 total
» units
| Peasant | 27 | |
| Sorceress | 6 | |
| Priest | 8 | |
41 total
» upgrades
| Masonry | 3 | |
| Lumber Harvesting | 1 | |
| Sorceress Training | 2 | |
| Priest Training | 2 | |
8 total
» buildings
| Altar of Kings | 1 | |
| Farm | 11 | |
| Lumber Mill | 1 | |
| Scout Tower | 30 | |
| Arcane Tower | 4 | |
| Guard Tower | 24 | |
| Arcane Vault | 1 | |
| Keep | 3 | |
| Castle | 1 | |
| Arcane Sanctum | 3 | |
| Town Hall | 1 | |
80 total
» build order
00:04 Altar of Kings
00:19 Farm
00:59 Farm
01:29 Farm
02:03 Lumber Mill
04:01 Scout Tower
04:17 Scout Tower
04:20 Scout Tower
04:30 Scout Tower
04:38 Arcane Tower
04:41 Scout Tower
04:45 Farm
04:50 Arcane Tower
04:51 Scout Tower
05:01 Guard Tower
05:06 Scout Tower
05:07 Scout Tower
05:14 Scout Tower
05:19 Arcane Tower
05:20 Guard Tower
05:20 Guard Tower
05:21 Guard Tower
05:36 Arcane Tower
05:38 Guard Tower
05:39 Scout Tower
05:59 Guard Tower
06:09 Guard Tower
06:11 Scout Tower
06:25 Guard Tower
06:27 Scout Tower
06:28 Scout Tower
07:23 Arcane Vault
07:32 Guard Tower
07:34 Scout Tower
07:36 Guard Tower
07:37 Scout Tower
07:50 Keep
07:50 Keep
07:51 Keep
08:06 Guard Tower
08:26 Guard Tower
08:59 Scout Tower
09:06 Scout Tower
09:10 Scout Tower
09:41 Guard Tower
09:42 Scout Tower
09:44 Scout Tower
10:03 Scout Tower
10:16 Scout Tower
10:17 Guard Tower
10:24 Guard Tower
10:26 Castle
10:30 Farm
10:31 Farm
10:50 Arcane Sanctum
10:53 Arcane Sanctum
10:55 Farm
11:07 Guard Tower
11:08 Scout Tower
11:12 Farm
11:34 Scout Tower
11:35 Guard Tower
11:42 Scout Tower
11:43 Scout Tower
11:48 Farm
11:52 Arcane Sanctum
12:20 Guard Tower
12:47 Guard Tower
13:23 Guard Tower
15:45 Guard Tower
16:45 Town Hall
16:50 Scout Tower
16:56 Farm
16:57 Farm
18:03 Guard Tower
18:07 Scout Tower
18:08 Scout Tower
18:46 Guard Tower
18:56 Scout Tower
» items
| Boots of Speed | 1 | |
| Staff of Teleportation | 1 | |
2 total
timg4strok (
pink | 126 APM | 2407 actions | 19:02)
4 Pandaren Brewmaster
2 Breath of Fire
1 Drunken Haze
1 Drunken Brawler
» actions
| Assign group hotkey | 22 | |
| Basic commands | 17 | |
| Build / train | 59 | |
| ESC pressed | 5 | |
| Enter build submenu | 15 | |
| Enter hero's abilities submenu | 4 | |
| Right click | 1406 | |
| Select / deselect | 209 | |
| Select group hotkey | 614 | |
| Use ability | 56 | |
2407 total
» units
| Wisp | 19 | |
| Archer | 2 | |
| Huntress | 8 | |
| Hippogryph | 4 | |
| Chimaera | 7 | |
40 total
» upgrades
| Ultravision | 1 | |
| Strength of the Wild | 3 | |
| Reinforced Hides | 2 | |
| Well Spring | 1 | |
| Corrosive Breath | 1 | |
8 total
» buildings
| Moon Well | 6 | |
| Tree of Life | 1 | |
| Altar of Elders | 1 | |
| Ancient of War | 2 | |
| Hunter's Hall | 1 | |
| Tree of Ages | 1 | |
| Tree of Eternity | 1 | |
| Ancient of Wind | 1 | |
| Chimaera Roost | 2 | |
16 total
» build order
00:42 Moon Well
01:16 Tree of Life
01:19 Altar of Elders
02:09 Ancient of War
02:10 Ancient of War
02:40 Hunter's Hall
02:53 Moon Well
04:37 Moon Well
08:46 Tree of Ages
08:51 Moon Well
08:53 Moon Well
11:10 Tree of Eternity
11:10 Ancient of Wind
14:32 Chimaera Roost
14:33 Chimaera Roost
16:12 Moon Well
» items
| Scroll of Town Portal | 1 | |
| Scroll of Regeneration | 1 | |
| Lesser Clarity Potion | 1 | |
| Potion of Healing | 1 | |
4 total
team 2 (loser)
Aerelius.Aldos (
orange | 52 APM | 998 actions | 19:01)
3 Priestess of the Moon
1 Searing Arrows
2 Trueshot Aura
» actions
| Assign group hotkey | 10 | |
| Basic commands | 59 | |
| Build / train | 29 | |
| Enter build submenu | 13 | |
| Enter hero's abilities submenu | 4 | |
| Right click | 278 | |
| Select / deselect | 209 | |
| Select group hotkey | 333 | |
| Use ability | 63 | |
998 total
» units
» buildings
| Altar of Elders | 1 | |
| Moon Well | 4 | |
| Hunter's Hall | 1 | |
| Ancient of War | 2 | |
| Tree of Ages | 1 | |
| Ancient of Wind | 1 | |
| Tree of Eternity | 1 | |
| Chimaera Roost | 2 | |
| Tree of Life | 1 | |
14 total
» build order
00:30 Altar of Elders
00:31 Moon Well
01:25 Hunter's Hall
02:00 Ancient of War
02:13 Ancient of War
02:27 Moon Well
03:52 Tree of Ages
03:57 Moon Well
06:22 Ancient of Wind
06:57 Tree of Eternity
10:10 Chimaera Roost
10:13 Chimaera Roost
10:50 Moon Well
15:30 Tree of Life
» items
BRADZZZZ (
yellow | 26 APM | 357 actions | 13:34)
1 Death Knight
1 Death Coil
» actions
| Assign group hotkey | 7 | |
| Build / train | 19 | |
| ESC pressed | 2 | |
| Enter build submenu | 9 | |
| Enter hero's abilities submenu | 3 | |
| Right click | 144 | |
| Select / deselect | 80 | |
| Select group hotkey | 74 | |
| Use ability | 19 | |
357 total
» units
| Acolyte | 8 | |
| Ghoul | 1 | |
| Crypt Fiend | 3 | |
12 total
» buildings
| Graveyard | 1 | |
| Crypt | 2 | |
| Altar of Darkness | 1 | |
| Ziggurat | 2 | |
| Tomb of Relics | 1 | |
| Halls of the Dead | 1 | |
| Spirit Tower | 1 | |
9 total
» build order
00:12 Graveyard
00:14 Crypt
00:27 Crypt
00:29 Altar of Darkness
00:44 Ziggurat
00:58 Tomb of Relics
02:15 Ziggurat
03:46 Halls of the Dead
04:16 Spirit Tower
» items
| Rod of Necromancy | 1 | |
| Sacrificial Skull | 1 | |
2 total
PATRIOTIC (
purple | 154 APM | 2916 actions | 18:58)
3 Tauren Chieftain
1 War Stomp
1 Endurance Aura
1 Shockwave
3 Shadow Hunter
2 Healing Wave
1 Hex
» actions
| Assign group hotkey | 35 | |
| Basic commands | 1 | |
| Build / train | 60 | |
| Enter build submenu | 18 | |
| Enter hero's abilities submenu | 6 | |
| Remove unit from queue | 3 | |
| Right click | 1610 | |
| Select / deselect | 387 | |
| Select group hotkey | 724 | |
| Use ability | 72 | |
2916 total
» units
| Peon | 7 | |
| Grunt | 5 | |
| Troll Headhunter/Berserker | 8 | |
| Demolisher | 4 | |
| Kodo Beast | 2 | |
| Spirit Walker | 1 | |
| Raider | 3 | |
| Tauren | 1 | |
| Troll Witch Doctor | 1 | |
32 total
» upgrades
| Armor | 1 | |
| Berserker Strength | 1 | |
| Pillage | 1 | |
| Ranged Weapons | 2 | |
| Witch Doctor Training | 2 | |
| Reinforced Defenses | 1 | |
| Ensnare | 1 | |
9 total
» buildings
| Altar of Storms | 1 | |
| Orc Burrow | 7 | |
| Barracks | 2 | |
| Voodoo Lounge | 1 | |
| War Mill | 1 | |
| Watch Tower | 1 | |
| Stronghold | 1 | |
| Beastiary | 2 | |
| Spirit Lodge | 2 | |
| Fortress | 1 | |
| Tauren Totem | 1 | |
20 total
» build order
00:10 Altar of Storms
00:21 Orc Burrow
00:54 Barracks
01:26 Voodoo Lounge
01:44 War Mill
02:06 Barracks
02:50 Orc Burrow
03:21 Orc Burrow
03:59 Watch Tower
05:26 Stronghold
06:10 Orc Burrow
08:13 Beastiary
08:13 Beastiary
08:30 Spirit Lodge
08:32 Spirit Lodge
09:07 Orc Burrow
09:28 Orc Burrow
09:48 Orc Burrow
10:11 Fortress
15:46 Tauren Totem
» items
| Healing Salve | 2 | |
| Scroll of Speed | 1 | |
| Lesser Clarity Potion | 1 | |
| Orb of Lightning | 1 | |
5 total
Chat log
(00:27 / All) Aerelius.Aldos: JHAHAHAHA
(00:29 / All) Birdeneering: hello
(00:36 / All) Aerelius.Aldos: u gay bradzzz
(00:39 / All) Birdeneering: yeah
(00:41 / All) Birdeneering: i'm brad
(00:45 / All) Aerelius.Aldos: hello
(00:46 / All) Birdeneering: he's brad
(00:47 / All) BRADZZZZ: STFU
(00:49 / All) Birdeneering: and that's also bra
(04:19 / All) Aerelius.Aldos: HAHAHAHHA
(04:35 / All) Aerelius.Aldos: nice strat
(12:50 / All) Birdeneering: looks like you got wrecked
(12:55 / All) Aerelius.Aldos: ^^
(13:08 / All) Aerelius.Aldos: u just gotta love towers
(13:11 / All) Birdeneering: we do
(13:13 / All) Birdeneering: www.highper.ch
(13:18 / All) Birdeneering: for our website about highperch and towers
(13:46 / All) Aerelius.Aldos: lol
(15:13 / All) Aerelius.Aldos: no my only unit
(15:13 / All) Aerelius.Aldos: Xd
(15:16 / All) Birdeneering: damn
(15:18 / All) Birdeneering: you bad ?
(15:20 / All) Aerelius.Aldos: pro
(15:26 / All) Aerelius.Aldos: na just busy on fb:d
(16:55 / All) Aerelius.Aldos: leave my roost alone:P
(17:09 / All) Aerelius.Aldos: FU BLUE
(17:09 / All) Aerelius.Aldos: Xd
(17:10 / All) Aerelius.Aldos: hahaha
(17:19 / All) Birdeneering: LOOL XDP
(18:53 / All) Aerelius.Aldos: lol
(18:56 / All) Aerelius.Aldos: was fun
(18:59 / All) Birdeneering: 2 ez